 Dungeon Crawl Stone Soup version 0.23.1 (webtiles) character file.

Game seed: 0

101691 H0rd4k the Carver (level 16, -4/128 HPs)
             Began as a Human Artificer on Mar 12, 2019.
             Was an Initiate of Gozag.
             Slain by a tarantella (11 damage)
             ... on level 1 of the Spider Nest on Mar 15, 2019.
             The game lasted 01:44:23 (29835 turns).

H0rd4k the Carver (Human Artificer)                Turns: 29835, Time: 01:44:25

Health: -4/128     AC: 28    Str: 29    XL:     16   Next: 83%
Magic:  20/20      EV: 11    Int: 11    God:    Gozag
Gold:   432        SH:  2    Dex: 19    Spells: 17/17 levels left

rFire    + + .     SeeInvis .   h - +6 scimitar
rCold    . . .     Gourm    .   (no shield)
rNeg     + . .     Faith    .   E - +5 plate armour
rPois    +         Spirit   .   v - +0 helmet "Niugel" {rPois MR+ Str+3 Int-2}
rElec    .         Reflect  +   I - +2 cloak "Maco" {rC+ rN+ Str+4}
rCorr    .         Harm     .   (no gloves)
MR       +....                  M - +1 pair of boots of the Many Coins {*Slow +Blink rF+ Dex+2}
Stlth    ..........             b - +2 amulet of reflection
HPRegen  0.31/turn              D - +4 ring of slaying
MPRegen  0.17/turn              C - ring "Pairaxzydoa" {Fire +Inv rPois MR- Dex+2}

@: mighty, lethally poisoned (-4 -> -18), gold aura, studying Fighting
A: no striking features
a: Potion Petition, Call Merchant, Bribe Branch, Renounce Religion, Evoke Blink,
Evoke Invisibility


You were on level 1 of the Spider Nest.
You worshipped Gozag.
Gozag was aware of your devotion.
You were not hungry.

You visited 5 branches of the dungeon, and saw 25 of its levels.

You collected 9020 gold pieces.
You spent 3301 gold pieces at shops.
You paid 5287 gold pieces to Gozag.

Inventory:

Hand Weapons
 a - a +1 triple sword of flaming
 h - a +6 scimitar (weapon)
 A - a +4 great sword of holy wrath
 G - a +5 arbalest of flaming
Missiles
 o - a throwing net (quivered)
 L - 27 tomahawks
 V - 5 bolts
Armour
 n - a +2 pair of boots of stealth
 s - a +2 hat
 v - the +0 helmet "Niugel" (worn) {rPois MR+ Str+3 Int-2}
   (You bought it in a shop on level 2 of the Orcish Mines)

   It affects your strength (+3).
   It affects your intelligence (-2).
   It protects you from poison.
   It affects your resistance to hostile enchantments.
 E - a +5 plate armour (worn)
 I - the +2 cloak "Maco" (worn) {rC+ rN+ Str+4}
   (You bought it in a shop on level 11 of the Dungeon)

   It affects your strength (+4).
   It protects you from cold.
   It protects you from negative energy.
 M - the +1 pair of boots of the Many Coins (worn) {*Slow +Blink rF+ Dex+2}
   (You bought it in a shop on level 2 of the Orcish Mines)

   It affects your dexterity (+2).
   It protects you from fire.
   It lets you blink.
   It may slow you when you take damage.
 Q - the +0 buckler "Vajeffet" {rN+ Int+5 Dex+2 Stlth-}
   (You acquired it on level 5 of the Lair of Beasts)

   It affects your intelligence (+5).
   It affects your dexterity (+2).
   It protects you from negative energy.
   It makes you less stealthy.
Magical Staves
 W - an uncursed staff of wizardry {unknown}
Jewellery
 b - a +2 amulet of reflection (around neck)
 i - an uncursed ring of ice
 q - the ring "Kitetzat" {Ice rPois rN+ Int-4}
   (You found it on level 9 of the Dungeon)

   [ring of ice]

   It enhances your ice magic.
   It affects your intelligence (-4).
   It makes you vulnerable to fire.
   It protects you from cold.
   It protects you from poison.
   It protects you from negative energy.
 B - a +5 ring of intelligence
 C - the ring "Pairaxzydoa" (right hand) {Fire +Inv rPois MR- Dex+2}
   (You acquired it on level 11 of the Dungeon)

   [ring of fire]

   It enhances your fire magic.
   It affects your dexterity (+2).
   It protects you from fire.
   It makes you vulnerable to cold.
   It protects you from poison.
   It affects your resistance to hostile enchantments.
   It lets you turn invisible.
 D - a +4 ring of slaying (left hand)
 Y - an uncursed ring of resist corrosion
Wands
 c - a wand of flame (67)
 d - a wand of enslavement (22)
 y - a wand of iceblast (5)
 H - a wand of scattershot (1)
 P - a wand of paralysis (6)
 R - a wand of acid (2)
 T - a wand of clouds (7)
Scrolls
 k - a scroll of enchant weapon
 l - 2 scrolls of enchant armour
 p - 5 scrolls of identify
 t - 3 scrolls of amnesia
 w - 4 scrolls of teleportation
 z - 2 scrolls of remove curse
 K - a scroll of fear
 N - a scroll of fog
Potions
 g - 10 potions of curing
 j - 5 potions of agility
 m - a potion of mutation
 r - 7 potions of lignification
 u - 3 potions of heal wounds
 x - 3 potions of haste
 F - 3 potions of ambrosia
 J - a potion of brilliance
 S - 3 potions of flight
 U - a potion of might
Books
 O - a manual of Fighting
Miscellaneous
 e - a lamp of fire
Comestibles
 f - 15 rations


   Skills:
 + Level 12.3 Fighting
   Level 10.4(13.5) Short Blades
 + Level 14.2(15.4) Long Blades
   Level 2.8(3.1) Slings
 + Level 2.3 Crossbows
 + Level 2.0(2.7) Throwing
 + Level 13.5 Armour
 + Level 4.8 Dodging
 + Level 5.9 Stealth
 + Level 1.9 Shields
 + Level 1.3 Unarmed Combat
 + Level 1.0 Spellcasting
 + Level 6.2 Evocations


You had 17 spell levels left.
You didn't know any spells.
Your spell library contained the following spells:

 Spells                   Type           Power        Failure   Level  Hunger
 Magic Dart               Conj           #...         89%         1    ##.....
 Shock                    Conj/Air       #...         89%         1    ##.....
 Summon Small Mammal      Summ           #...         89%         1    ##.....
 Blink                    Tloc           N/A          96%         2    ###....
 Call Imp                 Summ           #.......     96%         2    ###....
 Slow                     Hex            #.......     96%         2    ###....
 Swiftness                Chrm/Air       #.......     96%         2    ###....
 Call Canine Familiar     Summ           #.......     99%         3    ####...
 Conjure Flame            Conj/Fire      #.......     99%         3    ####...
 Ignite Poison            Fire/Tmut/Pois #.......     99%         3    ####...
 Mephitic Cloud           Conj/Pois/Air  #.......     99%         3    ####...
 Recall                   Summ/Tloc      N/A          99%         3    ####...
 Static Discharge         Conj/Air       #.......     99%         3    ####...
 Stone Arrow              Conj/Erth      #.....       99%         3    ####...
 Airstrike                Air            #.........   100%        4    #####..
 Summon Ice Beast         Ice/Summ       #.......     100%        4    #####..
 Aura of Abjuration       Summ           #.........   100%        5    ######.
 Bolt of Magma            Conj/Fire/Erth #.........   100%        5    ######.
 Fireball                 Conj/Fire      #.........   100%        5    ######.
 Iskenderun's Battlesphe  Conj/Chrm      #.......     100%        5    ######.
 Lightning Bolt           Conj/Air       #.........   100%        5    ######.
 Summon Demon             Summ           #.........   100%        5    ######.
 Summon Forest            Summ/Tloc      #.........   100%        5    ######.
 Summon Mana Viper        Hex/Summ       #.......     100%        5    ######.
 Venom Bolt               Conj/Pois      #.........   100%        5    ######.
 Bolt of Fire             Conj/Fire      #.........   100%        6    #######
 Iron Shot                Conj/Erth      #.........   100%        6    #######
 Shadow Creatures         Summ           N/A          100%        6    #######
 Orb of Destruction       Conj           #.........   100%        7    #######
 Ring of Flames           Chrm/Fire      #.........   100%        7    #######
 Spellforged Servitor     Conj/Summ      #.........   100%        7    #######
 Ignition                 Fire           #.........   100%        8    #######


Dungeon Overview and Level Annotations

Branches:
Dungeon (15/15)            Temple (1/1) D:4            Lair (6/6) D:9
  Swamp (0/4) Lair:3       Spider (1/4) Lair:2        Slime (0/5) Lair:6
    Orc (2/2) D:12            Elf (0/3) Orc:2
 Vaults: D:13-14     Depths: D:15

Altars:
Ashenzari
Cheibriados
Dithmenos
Elyvilon
Fedhas
Gozag
Hepliaklqana
Kikubaaqudgha
Makhleb
Nemelex Xobeh
Okawaru
Qazlal
Ru
Sif Muna
Trog
Uskayaw
Vehumet
Wu Jian
Xom
Yredelemnul
Zin
The Shining One
Jiyva

Shops:
D:4 *(   D:5 =   D:11 [   D:12 (=*(   D:15 *   Orc:1 !   Orc:2 :*[(

Portals:
Trove: D:11 (show abyssal rune of Zot)

Annotations:
D:2 exclusion: 2 downstairs
D:3 1 runed translucent door, exclusion: downstairs, Crazy Yiuf
D:9 exclusion: downstairs
D:10 exclusion: downstairs
D:11 exclusions: 2 downstairs and obsidian statue
Lair:1 exclusion: downstairs
Lair:4 exclusion: upstairs
Lair:5 exclusion: 2 downstairs


Message History

You kill the redback!
You feel sick.
The tarantella is no longer distracted by gold.
The redback bites you.
* * * LOW HITPOINT WARNING * * *
The tarantella bites you but does no damage.
The tarantella closely misses you.
You chop the redback into pieces!!!
You kill the redback!
You feel sick. The tarantella bites you!
* * * LOW HITPOINT WARNING * * *
The tarantella bites you but does no damage.
You closely miss the tarantella.
* * * LOW HITPOINT WARNING * * *
You feel sick. The tarantella closely misses you.
You riposte.
You slash the tarantella!
The tarantella is almost dead.
The tarantella bites you!
You die...
Your body crumbles into a pile of gold.

......................
(..........#...<...(#..
(........#.............#
.......#...#............
...(#..................≈
...((.(....#.#.#......≈≈
....#^.......#..#.....≈≈
......$$s............#≈#
(..(..$@...............≈
......s..........#..#..
.$.....................
...#...(..^...........
..........#.......
..............^...
..................
....#(#.......#.##
.......#......##


You could see 2 tarantellas.

Vanquished Creatures
  Rupert (Lair:3)
  An orc warlord (Orc:2)
  A stone giant (Orc:1)
  Nessos (Orc:2)
  Snorg (Lair:3)
  Josephine (Orc:2)
  Fannar (Lair:3)
  A centaur warrior (D:15)
  6 hydras
  2 catoblepae
  A deep troll shaman (Lair:4)
  9 two-headed ogres
  An ogre mage (Orc:1)
  3 orc high priests (Orc:2)
  6 death yaks
  4 orc knights
  An orb spider (Spider:1)
  A deep elf mage (D:12)
  2 cyclopes
  3 wolf spiders
  5 orc sorcerers (Orc:2)
  An ugly thing (D:12)
  A manticore (D:15)
  2 elephants (Lair:6)
  A centaur zombie (D:15)
  4 black mambas
  Psyche (D:8)
  Maurice (D:8)
  3 spiny frogs
  A demonic crawler (Lair:2)
  2 komodo dragons
  2 kobold demonologists (D:11)
  A rime drake (Lair:4)
  4 trolls
  5 jumping spiders
  6 polar bears
  14 blink frogs
  A hornet (Lair:2)
  11 dream sheep
  Prince Ribbit (D:7)
  13 hippogriffs
  Sigmund (D:5)
  2 tarantellas (Lair:2)
  12 redbacks
  5 wraiths
  A wyvern (D:12)
  36 yaks
  3 hungry ghosts
  3 basilisks
  Edmund (D:4)
  5 vampire mosquitoes (D:15)
  2 wargs (Orc:2)
  14 water moccasins
  9 porcupines
  2 sky beasts
  29 orc warriors
  An ice beast (D:8)
  A necrophage (D:7)
  2 phantoms (D:9)
  2 black bears
  3 eyes of draining
  12 ogres
  8 wolves
  7 centaurs
  13 crocodiles
  7 big kobolds
  Blork the orc (D:5)
  12 bullfrogs
  2 scorpions
  A wyvern skeleton (D:12)
  3 killer bees (D:12)
  17 wights
  4 howler monkeys (D:10)
  2 electric eels
  6 crimson imps
  2 quasits
  3 bullfrog zombies
  18 orc priests
  8 hounds
  A jelly (D:9)
  26 orc wizards
  Ijyb (D:3)
  Natasha (thrice) (D:3)
  3 iguanas
  4 hell rats (Lair:4)
  11 worker ants
  2 hound zombies (D:7)
  A howler monkey zombie (D:5)
  8 gnolls
  12 adders
  7 shadow imps
  An ooze (D:1)
  An adder skeleton (D:4)
  An adder zombie (D:5)
  2 worms
  A dart slug (D:1)
  7 leopard geckos
  67 orcs
  6 giant cockroaches
  4 goblins
  8 hobgoblins
  6 jackals
  24 kobolds
  5 quokkas
  3 ball pythons
  13 bats
  7 frilled lizards
  11 rats
  A spectral orc (D:7)
634 creatures vanquished.

Vanquished Creatures (others)
  An orc warrior (Orc:2)
  An orc wizard (Orc:2)
  7 fungi
  3 plants
12 creatures vanquished.

Grand Total: 646 creatures vanquished

Notes
Turn   | Place    | Note
-------+----------+-------------------------------------------
     0 | D:1      | H0rd4k the Human Artificer began the quest for the Orb.
     0 | D:1      | Reached XP level 1. HP: 15/15 MP: 3/3
    68 | D:1      | Reached XP level 2. HP: 14/21 MP: 4/4
   383 | D:1      | Reached XP level 3. HP: 15/26 MP: 5/5
   902 | D:2      | Reached XP level 4. HP: 30/32 MP: 6/6
  1048 | D:2      | Reached skill level 1 in Armour
  1241 | D:2      | Found a stormy altar of Qazlal.
  1243 | D:2      | Noticed an earth elemental
  1244 | D:2      | Noticed an air elemental
  1244 | D:2      | Noticed a fire elemental
  1244 | D:2      | Noticed a water elemental
  1525 | D:2      | Reached XP level 5. HP: 37/37 MP: 7/7
  2357 | D:3      | Noticed Natasha
  2364 | D:3      | Killed Natasha
  2364 | D:3      | Reached XP level 6. HP: 24/44 MP: 8/8
  2365 | D:3      | Noticed Ijyb
  2377 | D:3      | Killed Ijyb
  2530 | D:3      | Found a hide-covered altar of Uskayaw.
  2640 | D:3      | Found a runed translucent door.
  2641 | D:3      | Noticed Crazy Yiuf
  2724 | D:3      | Noticed Natasha
  2733 | D:3      | Killed Natasha
  3062 | D:3      | Reached XP level 7. HP: 31/50 MP: 9/9
  3367 | D:3      | Noticed Natasha
  3382 | D:3      | Killed Natasha
  3596 | D:4      | Found Rinub's Weapon Emporium.
  4021 | D:4      | Noticed Edmund
  4301 | D:4      | Found a staircase to the Ecumenical Temple.
  4317 | Temple   | Entered the Ecumenical Temple
  4643 | D:4      | Found an opulent altar of Gozag.
  4643 | D:4      | Found Gozag's Platinum Reserve.
  5006 | D:4      | Killed Edmund
  5006 | D:4      | Reached XP level 8. HP: 47/57 MP: 10/10
  5038 | D:5      | Entered Level 5 of the Dungeon
  5190 | D:5      | Noticed Blork the orc
  5193 | D:5      | Killed Blork the orc
  5261 | D:5      | Noticed Sigmund
  5270 | D:5      | Killed Sigmund
  5344 | D:5      | Found a deep blue altar of Sif Muna.
  5371 | D:5      | You fall through a shaft for 2 floors!
  5648 | D:6      | Reached skill level 5 in Short Blades
  5723 | D:5      | Found Viysaf's Jewellery Shop.
  6107 | D:4      | Became a worshipper of Gozag Ym Sagoz the Greedy
  6224 | D:5      | Reached skill level 5 in Armour
  6224 | D:5      | Reached XP level 9. HP: 30/65 MP: 12/12
  6672 | D:6      | Found a glowing silver altar of Zin.
  6963 | D:7      | Found a basalt altar of Yredelemnul.
  6963 | D:7      | Noticed Prince Ribbit
  6989 | D:7      | Killed Prince Ribbit
  7144 | D:7      | Reached skill level 1 in Slings
  7212 | D:7      | Found an ancient bone altar of Kikubaaqudgha.
  7377 | D:8      | Noticed a hippogriff
  7381 | D:8      | Killed a hippogriff
  7849 | D:8      | Found a glowing golden altar of the Shining One.
  7852 | D:8      | Found a sacrificial altar of Ru.
  7862 | D:8      | Found a hazy altar of Hepliaklqana.
  7865 | D:8      | Found a sparkling altar of Nemelex Xobeh.
  8000 | D:8      | Reached XP level 10. HP: 73/73 MP: 13/13
  8006 | D:8      | Found an iron altar of Okawaru.
  8008 | D:8      | Noticed Psyche
  8028 | D:8      | Killed Psyche
  8028 | D:8      | Reached skill level 5 in Evocations
  8039 | D:8      | Noticed Maurice
  8057 | D:8      | Paralysed by Maurice for 6 turns
  8070 | D:8      | Killed Maurice
  8070 | D:8      | Reached skill level 5 in Fighting
  8084 | D:8      | Reached skill level 1 in Long Blades
  8655 | D:9      | Noticed a two-headed ogre
  8662 | D:9      | Killed a two-headed ogre
  8907 | D:9      | Reached skill level 2 in Long Blades
  8960 | D:9      | Found a bloodstained altar of Trog.
  9036 | D:9      | Found a staircase to the Lair.
  9056 | D:9      | Got a pitted platinum ring
  9059 | D:9      | Identified the ring "Kitetzat" {Ice rPois rN+ Int-4} (You
                  | found it on level 9 of the Dungeon)
  9127 | D:9      | Reached XP level 11. HP: 64/81 MP: 14/14
  9364 | D:9      | Noticed a two-headed hydra
  9385 | D:9      | Killed a two-headed hydra
  9852 | D:10     | Entered Level 10 of the Dungeon
  9885 | D:10     | Noticed a two-headed ogre
  9906 | D:10     | Killed a two-headed ogre
  9906 | D:10     | Reached skill level 10 in Short Blades
  9906 | D:10     | Reached skill level 3 in Long Blades
 10177 | D:10     | Noticed a two-headed ogre
 10204 | D:10     | Killed a two-headed ogre
 10558 | D:9      | Identified a scroll of acquirement
 11192 | D:11     | Reached skill level 4 in Long Blades
 11303 | D:11     | Reached XP level 12. HP: 81/91 MP: 8/16
 11304 | D:11     | Noticed a sixfirhy
 11647 | D:11     | Got a vibrating steel ring
 11649 | D:11     | Identified the ring "Pairaxzydoa" {Fire +Inv rPois MR-
                  | Dex+2} (You acquired it on level 11 of the Dungeon)
 11962 | D:11     | Found a portal to a secret trove of treasure.
 11970 | D:11     | Bought the +2 cloak "Maco" {rC+ rN+ Str+4} for 534 gold
                  | pieces
 12123 | D:11     | Reached skill level 5 in Long Blades
 12501 | D:12     | Reached skill level 6 in Long Blades
 12806 | D:12     | Found a staircase to the Orcish Mines.
 12873 | D:12     | You fall through a shaft for 3 floors!
 12873 | D:15     | Entered Level 15 of the Dungeon
 12884 | D:15     | Reached skill level 10 in Armour
 12899 | D:15     | Reached skill level 7 in Long Blades
 12936 | D:15     | Found Rehuyr's Mayhem Merchandise.
 12939 | D:15     | Noticed a centaur warrior
 12955 | D:15     | Killed a centaur warrior
 13062 | D:15     | Reached skill level 8 in Long Blades
 13142 | D:15     | Noticed a four-headed hydra
 13151 | D:15     | Killed a five-headed hydra
 13598 | D:14     | Noticed a two-headed ogre
 13608 | D:14     | Killed a two-headed ogre
 13939 | D:12     | Reached XP level 13. HP: 85/99 MP: 17/17
 14112 | D:12     | Reached skill level 9 in Long Blades
 14148 | D:12     | Noticed a fire dragon
 14389 | D:12     | Got a sapphire hand crossbow
 14405 | D:12     | Identified the +1 hand crossbow "Xionuu Roigo" {penet,
                  | Int+2} (You found it on level 12 of the Dungeon)
 14459 | D:12     | Bought a flickering brass ring for 160 gold pieces
 14461 | D:12     | Identified the cursed ring of Xom's Whimsicality {rPois rC-
                  | MR+ AC-3 Dex+4} (You bought it in a shop on level 12 of the
                  | Dungeon)
 14843 | Lair:1   | Entered Level 1 of the Lair of Beasts
 14850 | Lair:1   | Reached skill level 5 in Stealth
 16008 | Lair:2   | Got a heavily runed leather armour
 16019 | Lair:2   | Identified the cursed +1 leather armour of the Four
                  | Continents {rCorr Int+3 Dex-4} (You found it on level 2 of
                  | the Lair of Beasts)
 16056 | Lair:2   | Found a hole to the Spider Nest.
 16331 | Lair:2   | Noticed a six-headed hydra
 16783 | Lair:2   | Killed a one-headed hydra
 16783 | Lair:2   | Reached skill level 10 in Long Blades
 16985 | Lair:3   | Found a radiant altar of Vehumet.
 17000 | Lair:3   | Found a staircase to the Swamp.
 17277 | Lair:3   | Noticed Rupert
 17297 | Lair:3   | Killed Rupert
 17298 | Lair:3   | Noticed Snorg
 18413 | Lair:4   | Reached skill level 11 in Long Blades
 19195 | Lair:3   | Noticed Fannar
 19279 | Lair:3   | Killed Snorg
 19571 | Lair:3   | Reached XP level 14. HP: 95/108 MP: 18/18
 20200 | Lair:5   | Reached skill level 12 in Long Blades
 20584 | Lair:6   | Entered Level 6 of the Lair of Beasts
 20616 | Lair:5   | Got a spiked buckler
 20622 | Lair:5   | Identified the +0 buckler "Vajeffet" {rN+ Int+5 Dex+2
                  | Stlth-} (You acquired it on level 5 of the Lair of Beasts)
 20697 | Lair:6   | Reached skill level 10 in Fighting
 21050 | Lair:6   | Found a staircase to the Slime Pits.
 21914 | Lair:6   | Found a viscous altar of Jiyva.
 23600 | Lair:6   | Identified Xatiass's Grimoire of Earth and Companions
 23812 | Lair:3   | Killed Fannar
 23812 | Lair:3   | Reached skill level 13 in Long Blades
 23812 | Lair:3   | Reached XP level 15. HP: 118/118 MP: 19/19
 24236 | Orc:1    | Entered Level 1 of the Orcish Mines
 24253 | D:12     | Bought an ancient arbalest for 370 gold pieces
 24254 | D:12     | Identified the cursed +0 arbalest of Pandemonium {freeze,
                  | rC+ Dex+2} (You bought it in a shop on level 12 of the
                  | Dungeon)
 24975 | Orc:2    | Entered Level 2 of the Orcish Mines
 25050 | Orc:2    | Found a staircase to the Elven Halls.
 25065 | Orc:1    | Found Osazir's Distillery.
 25066 | Orc:1    | Noticed a stone giant
 25253 | Orc:1    | Killed a stone giant
 25353 | Orc:1    | Bought a potion of might for 52 gold pieces
 25531 | Orc:1    | Noticed Josephine
 25551 | Orc:2    | Killed Josephine
 25551 | Orc:2    | Reached skill level 1 in Shields
 25839 | Orc:1    | Found a bloodstained altar of Trog.
 25964 | Orc:2    | Noticed Nessos
 25990 | Orc:2    | Killed Nessos
 27005 | Orc:2    | Noticed an orc warlord
 27314 | Orc:1    | Reached skill level 1 in Crossbows
 27314 | Orc:1    | Reached skill level 1 in Unarmed Combat
 27314 | Orc:1    | Reached skill level 1 in Spellcasting
 27314 | Orc:1    | Reached XP level 16. HP: 127/127 MP: 20/20
 27334 | Orc:2    | Paralysed by an orc sorcerer for 3 turns
 27385 | Orc:2    | Reached skill level 14 in Long Blades
 28199 | Orc:2    | Paralysed by an orc sorcerer for 3 turns
 28408 | Orc:2    | Found Ezapae's Antique Armour Shoppe.
 28420 | Orc:2    | Found Lomamm's Antique Weapon Emporium.
 28422 | Orc:2    | Found Qegrad's General Store.
 28422 | Orc:2    | Found Ceheelikk's Book Shoppe.
 28688 | Orc:2    | Bought a scroll of enchant weapon for 90 gold pieces
 28698 | Orc:2    | Bought a pitted helmet for 275 gold pieces
 28698 | Orc:2    | Bought a pair of smoking boots for 275 gold pieces
 28709 | Orc:2    | Bought a manual of Fighting for 1545 gold pieces
 28724 | Orc:2    | Identified the +1 pair of boots of the Many Coins {*Slow
                  | +Blink rF+ Dex+2} (You bought it in a shop on level 2 of
                  | the Orcish Mines)
 28734 | Orc:2    | Identified the +0 helmet "Niugel" {rPois MR+ Str+3 Int-2}
                  | (You bought it in a shop on level 2 of the Orcish Mines)
 28935 | Spider:1 | Entered Level 1 of the Spider Nest
 29835 | Spider:1 | Slain by a tarantella

Skill      XL: |  1  2  3  4  5  6  7  8  9 10 11 12 13 14 15 16 |
---------------+-------------------------------------------------+-----
Armour         | 1 2 3 5 6 8 9 10 11 12 13 | 13.5
Short Blades   | 2 3 4 5 7 9 10 | 10.4
Dodging        | 3 4 |  4.8
Fighting       | 2 3 4 5 7 8 9 11 12 | 12.3
Stealth        | 2 3 4 5 |  5.9
Evocations     | 4 5 6 |  6.2
Slings         | 1 2 |  2.8
Long Blades    | 2 4 8 11 13 14 | 14.2
Shields        | 1 |  1.9
Crossbows      | 1 2 |  2.3
Throwing       | 2 |  2.0
Unarmed Combat | 1 |  1.3
Spellcasting   | 1 |  1.0

Action                   |  1- 3 |  4- 6 |  7- 9 | 10-12 | 13-15 | 16-18 || total
-------------------------+-------+-------+-------+-------+-------+-------++-------
Melee: Short sword       |    32 |       |       |       |       |       ||    32
       Dagger            |    71 |   165 |   401 |   391 |       |       ||  1028
       Falchion          |       |       |     8 |    69 |       |       ||    77
       Triple sword      |       |       |       |    19 |    27 |       ||    46
       Scimitar          |       |       |       |   290 |   922 |   172 ||  1384
       Great sword       |       |       |       |       |    30 |       ||    30
       Punch             |       |       |       |       |       |     1 ||     1
 Fire: Hunting sling     |       |       |     4 |       |       |       ||     4
       Arbalest          |       |       |       |       |       |    21 ||    21
Throw: Throwing net      |       |       |       |     1 |       |       ||     1
Invok: Call Merchant     |       |       |       |     1 |     4 |       ||     5
       Potion Petition   |       |       |       |       |     1 |       ||     1
Evoke: Wand              |       |     9 |    21 |    13 |    16 |       ||    59
  Use: Scroll            |       |       |     4 |    14 |    25 |       ||    43
       Potion            |       |       |       |       |     5 |     2 ||     7
 Stab: Sleeping          |     1 |     1 |     1 |       |       |       ||     3
       Paralysed         |       |       |       |     2 |     4 |       ||     6
       Distracted        |       |       |       |     3 |     3 |     1 ||     7
  Eat: Chunk             |       |     7 |     6 |       |       |       ||    13
       Ration            |       |       |     3 |     8 |    13 |     3 ||    27
Armor: Leather armour    |    34 |    30 |     8 |       |       |       ||    72
       Plate armour      |       |       |   172 |   495 |   681 |   195 ||  1543
Dodge: Dodged            |    81 |    79 |   113 |   230 |   409 |   117 ||  1029
Block: Other             |       |       |       |       |    66 |     9 ||    75
       Rpst.: Falchion   |       |       |     2 |     3 |       |       ||     5
       Triple sword      |       |       |       |     5 |     1 |       ||     6
       Scimitar          |       |       |       |    37 |    81 |    21 ||   139
       Great sword       |       |       |       |       |    15 |       ||    15
